 Dungeon Crawl Stone Soup version 0.26-a0-646-g5d77183 (webtiles) character file.

Game seed: 16748116506337875827

771 robertstho the Destroyer (level 7, -2/36 HPs)
             Began as a Deep Elf Conjurer on Sept 23, 2020.
             Slain by a hippogriff (7 damage)
             ... on level 5 of the Dungeon.
             The game lasted 00:07:33 (4651 turns).

robertstho the Destroyer (Deep Elf Conjurer)        Turns: 4651, Time: 00:07:34

Health: -2/36      AC:  2    Str:  4    XL:     7   Next: 53%
Magic:  11/19      EV: 10    Int: 24    God:
Gold:   232        SH:  8    Dex: 14    Spells: 6/20 levels left

rFire    + + +     SeeInvis .   n - +0 dagger (venom)
rCold    + + +     Faith    .   y - +2 shield of Resistance {rF++ rC++ MR++}
rNeg     . . .     Spirit   .   a - +0 robe
rPois    .         Reflect  .   (no helmet)
rElec    .         Harm     .   j - scarf {rC+ rF+}
rCorr    .         Rampage  .   (no gloves)
MR       ++...                  (no boots)
Stlth    ++........             (no amulet)
HPRegen  0.12/turn              f - ring of protection from fire
MPRegen  0.16/turn              t - ring of ice

@: no status effects
A: no striking features
a: no special abilities


You were on level 5 of the Dungeon.
You visited 1 branch of the dungeon, and saw 5 of its levels.

You collected 232 gold pieces.

Inventory:

Hand Weapons
 c - a +0 short sword
 n - a +0 dagger of venom (weapon)
Missiles
 B - 14 poisoned darts (quivered)
Armour
 a - a +0 robe (worn)
 j - a scarf of resistance (worn)
 y - the +2 shield of Resistance (worn) {rF++ rC++ MR++}
   (You found it on level 4 of the Dungeon)

   It greatly protects you from fire.
   It greatly protects you from cold.
   It affects your resistance to hostile enchantments.
Jewellery
 f - a ring of protection from fire (left hand)
 t - a ring of ice (right hand)
 w - an uncursed ring of flight {unknown}
 x - a cursed ring of teleportation {unknown}
Wands
 u - a wand of flame (20)
Scrolls
 b - 3 scrolls of remove curse {unknown}
 d - a scroll of random uselessness {unknown}
 e - a scroll of fog {unknown}
 g - 3 scrolls of teleportation {unknown}
 k - 2 scrolls of magic mapping
 o - a scroll of amnesia
 p - a scroll of blinking
 s - 2 scrolls of enchant armour
 v - 3 scrolls of identify
 A - a scroll of fear {unknown}
Potions
 h - a potion of lignification
 i - 2 potions of heal wounds
 l - 2 potions of stabbing
 m - 3 potions of might
 q - a potion of flight {unknown}
 r - a potion of resistance
 z - a potion of curing {unknown}


   Skills:
 + Level 0.3 Fighting
 + Level 3.4 Dodging
 + Level 3.2 Stealth
 * Level 7.1 Spellcasting
 * Level 8.1 Conjurations


You had 6 spell levels left.
You knew the following spells:

 Your Spells              Type           Power        Failure   Level
a - Magic Dart            Conj           ####         1%          1
b - Searing Ray           Conj           #####.       2%          2
c - Dazzling Flash        Conj/Hex       ####..       28%         3
d - Fulminant Prism       Conj/Hex       ####......   67%         4
e - Iskenderun's Mystic   Conj/Tloc      ####....     67%         4

Your spell library contained the following spells:

 Spells                   Type           Power        Failure   Level
 Beastly Appendage        Tmut           #.....       45%         1
 Wereblood                Tmut           #.......     58%         2
 Spider Form              Tmut/Pois      #.........   83%         3
 Ice Form                 Ice/Tmut       ##......     99%         4
 Blade Hands              Tmut           #.........   100%        5


Dungeon Overview and Level Annotations

Branches:
Dungeon (5/15)
 Temple: D:4-7

Altars:
Trog
The Shining One


Message History

The hippogriff bites you but does no damage.
You block the hippogriff's attack. The hippogriff claws you!
* * * LOW HITPOINT WARNING * * *
The searing ray hits the hippogriff!
The hippogriff is severely wounded.
You finish channeling your searing ray.
The hippogriff completely misses you.
The hippogriff pecks you but does no damage.
The hippogriff claws you.
* * * LOW HITPOINT WARNING * * *
Casting: Searing Ray (safe; 2% risk of failure)
Confirm with . or Enter, or press ? or * to list all spells.
Aiming: Searing Ray (safe; 2% risk of failure)
Press: ? - help, Shift-Dir - straight line, f/p - hippogriff
Aim: a hippogriff (almost dead, very poisoned)
The searing ray misses the hippogriff. (Press . to maintain the ray.)
The hippogriff closely misses you.
The hippogriff pecks you but does no damage.
The hippogriff claws you!
You die...

#..+ #..# #..#
#..########
#.........#
#.........##
#..>.......#
#..####'####
#..##..@..#
#...#..H...#
#...#......#
#.....#..##...<.##
#.....#..##.....#
#.....#...#.....#
####.....#...#.....#
.........#..########
.........#..##


You could see a hippogriff (poisoned).

Vanquished Creatures
  Sigmund (D:3)
  A necrophage (D:2)
  A scorpion (D:5)
  A hound (D:4)
  An orc priest (D:3)
  2 centaur skeletons
  2 orc wizards
  A bullfrog skeleton (D:4)
  2 worker ants (D:4)
  A killer bee zombie (D:5)
  3 gnolls (D:4)
  3 adders (D:3)
  A shadow imp (D:5)
  An ooze (D:1)
  An adder skeleton (D:4)
  3 worms
  3 leopard geckos
  23 orcs
  5 giant cockroaches
  5 goblins
  8 hobgoblins
  6 jackals
  14 kobolds
  2 quokkas (D:4)
  8 bats
  6 frilled lizards
  A giant cockroach zombie (D:4)
  A leopard gecko skeleton (D:5)
  4 rats
111 creatures vanquished.

Notes
Turn   | Place    | Note
-------+----------+-------------------------------------------
     0 | D:1      | robertstho the Deep Elf Conjurer began the quest for the
                  | Orb.
     0 | D:1      | Reached XP level 1. HP: 10/10 MP: 6/6
   165 | D:1      | Reached XP level 2. HP: 15/15 MP: 6/8
   212 | D:1      | Reached skill level 5 in Conjurations
   274 | D:1      | Learned a level 2 spell: Searing Ray
   719 | D:2      | Reached XP level 3. HP: 19/19 MP: 2/9
   790 | D:2      | Learned a level 3 spell: Dazzling Flash
   862 | D:2      | Found a bloodstained altar of Trog.
  1136 | D:2      | Reached XP level 4. HP: 19/24 MP: 8/11
  1773 | D:2      | Noticed a necrophage
  1778 | D:2      | Killed a necrophage
  1778 | D:2      | Reached skill level 6 in Conjurations
  1778 | D:2      | Reached XP level 5. HP: 28/28 MP: 7/13
  2235 | D:3      | Reached skill level 5 in Spellcasting
  2235 | D:3      | Reached XP level 6. HP: 32/32 MP: 12/15
  2428 | D:3      | Noticed Sigmund
  2434 | D:3      | Killed Sigmund
  2434 | D:3      | Reached skill level 7 in Conjurations
  2655 | D:3      | Found a glowing golden altar of the Shining One.
  3565 | D:4      | Reached XP level 7. HP: 22/36 MP: 12/18
  3964 | D:4      | Found the +2 shield of Resistance {rF++ rC++ MR++}
  4080 | D:4      | Reached skill level 8 in Conjurations
  4432 | D:4      | Learned a level 4 spell: Fulminant Prism
  4437 | D:4      | Learned a level 4 spell: Iskenderun's Mystic Blast
  4455 | D:5      | Entered Level 5 of the Dungeon
  4644 | D:5      | Noticed a hippogriff
  4651 | D:5      | Slain by a hippogriff

Illustrated notes

Levels and vault maps discovered:
D:1:      matt_arrival_refuge, layout_rooms
D:2:      layout_basic, bloody_trog
D:3:      layout_loops_ring, nicolae_tso_carved_into_rock, dk_noncrumbling_4,
          minivault_5, chequers_serial_rivers_small_a, uniq_sigmund
D:4:      layout_cave_pools
D:5:      layout_gridville, enter_ossuary_1, minmay_holes, serial_bayou_pond_e,
          nrook_mini_vaults, chequers_serial_rivers_small_b

Skill      XL: |  1  2  3  4  5  6  7 |
---------------+----------------------+-----
Conjurations   | 5 6 7 8 |  8.1
Spellcasting   | 4 5 6 7 |  7.1
Dodging        | 3 |  3.4
Stealth        | 3 |  3.2
Fighting       | |  0.3

Action                   |  1- 3 |  4- 6 |  7- 9 || total
-------------------------+-------+-------+-------++-------
Melee: Dagger            |       |       |     1 ||     1
 Cast: Magic Dart        |    43 |    43 |    23 ||   109
       Searing Ray       |     4 |    30 |    16 ||    50
  Use: Scroll            |       |    10 |       ||    10
Armor: Robe              |     1 |     2 |     4 ||     7
Dodge: Dodged            |     9 |    16 |    12 ||    37
Block: Kite shield       |       |       |     2 ||     2

Table legend: (Time is in decaauts)
 A = Elapsed time spent in this place.
 B = Non-inter-level travel time spent in this place.
 C = Inter-level travel time spent in this place.
 D = Time resting spent in this place.
 E = Time spent auto-exploring this place.
 F = Levels seen in this place.
 G = Mean time per level.
                   A        B        C        D        E       F      G
               +--------+--------+--------+--------+--------+-----+--------+
         Total |   4652 |   4469 |    183 |    838 |   3077 |   5 |  930.4 |
       Dungeon |   4652 |   4469 |    183 |    838 |   3077 |   5 |  930.4 |
               +--------+--------+--------+--------+--------+-----+--------+

Top non-repeatable levels by time:
     D:3: 1626 daAuts
     D:2: 1242 daAuts
     D:4: 961 daAuts
     D:1: 626 daAuts
     D:5: 195 daAuts
